3L
TOLEDO STINGERS @ THUNDER BAY NORTHERN LIONS BC
06/16/2049
 
TOP OF THE 1ST
Toledo Stingers batting - Pitching for Thunder Bay Northern Lions BC : RHP Bob Hollingsworth
Pitching: RHP Bob Hollingsworth
Batting: RHB Alfred Howard Biggs 0-0: Ball
1-0: Ball
2-0: Ground out 4-3 (Groundball, 4, EV 103.1 MPH)
Batting: RHB Ijsbert Reynoud 0-0: Ball
1-0: Fly out, F6 (Line Drive, 6, EV 60.0 MPH)
Batting: LHB Maik Zuydam 0-0: Ball
1-0: Ball
2-0: Called Strike
2-1: SINGLE (Flyball, 56D, EV 87.5 MPH)
Batting: LHB Lester Threlfall 0-0: Ball
1-0: Called Strike
1-1: Called Strike
1-2: Ball
Maik Zuydam is caught stealing 2nd base 2-6
Top of the 1st over - 0 runs, 1 hit, 0 errors, 0 left on base; Toledo 0 - Thunder Bay 0
BOTTOM OF THE 1ST
Thunder Bay Northern Lions BC batting - Pitching for Toledo Stingers : LHP Volmer Aalbers
Pitching: LHP Volmer Aalbers
Batting: LHB Robert Shannon 0-0: Swinging Strike
0-1: Swinging Strike
0-2: Foul Ball, location: 2F
0-2: Fly out, F4 (Popup, 4M, EV 59.4 MPH)
Batting: LHB Andy Gould 0-0: Ball
1-0: Swinging Strike
1-1: Called Strike
1-2: Ball
2-2: Ball
3-2: Fly out, F7 (Line Drive, 7D, EV 89.4 MPH)
Batting: RHB Amaru Kishore 0-0: Ball
1-0: Fly out, F7 (Flyball, 7S, EV 86.2 MPH)
Bottom of the 1st over - 0 runs, 0 hits, 0 errors, 0 left on base; Toledo 0 - Thunder Bay 0
TOP OF THE 2ND
Toledo Stingers batting - Pitching for Thunder Bay Northern Lions BC : RHP Bob Hollingsworth
Batting: LHB Lester Threlfall 0-0: Ball
1-0: Ball
2-0: Called Strike
2-1: Ball
3-1: Foul Ball, location: 2F
3-2: Base on Balls
Batting: RHB Roberto Gómez 0-0: Called Strike
0-1: Ball
1-1: Fly out, F8 (Flyball, 8RD, EV 96.2 MPH)
Batting: RHB Ming Wang 0-0: Ball
1-0: Ball
2-0: Called Strike
2-1: Fly out, F9 (Line Drive, 9, EV 86.2 MPH)
Batting: LHB Wyatt Quick 0-0: SINGLE (Groundball, 34D, EV 110.0 MPH)
Lester Threlfall to second
Runner from 2nd tries for 3rd, SAFE, throw by RF made to third
Batting: RHB Brenden Aaronson 0-0: Ball
1-0: SINGLE (Flyball, 4MD, EV 91.9 MPH)
Lester Threlfall scores
Wyatt Quick to second
Runner from 2nd tries for 3rd, SAFE, throw by CF made to third
Batting: RHB Xavier Gonzalez 0-0: Ball
1-0: Ball
2-0: Fly out, F9 (Line Drive, 89S, EV 96.2 MPH)
Top of the 2nd over - 1 run, 2 hits, 0 errors, 2 left on base; Toledo 1 - Thunder Bay 0
BOTTOM OF THE 2ND
Thunder Bay Northern Lions BC batting - Pitching for Toledo Stingers : LHP Volmer Aalbers
Batting: LHB Keaton Kringlen 0-0: Ball
1-0: Ball
2-0: Ball
3-0: Base on Balls
Batting: RHB Marcantonio Talamante 0-0: Called Strike
0-1: Swinging Strike
0-2: Fly out, F8 (Flyball, 8RS, EV 85.6 MPH)
Batting: RHB Millard Carr 0-0: Called Strike
0-1: Foul Ball, location: 2F
0-2: Grounds into double play, 6-4-3 (Groundball, 56, EV 86.2 MPH)
Bottom of the 2nd over - 0 runs, 0 hits, 0 errors, 0 left on base; Toledo 1 - Thunder Bay 0
TOP OF THE 3RD
Toledo Stingers batting - Pitching for Thunder Bay Northern Lions BC : RHP Bob Hollingsworth
Batting: RHB Alfred Howard Biggs 0-0: Called Strike
0-1: Foul Ball, location: 2F
0-2: Ball
1-2: Ground out 3-1 (Groundball, 34, EV 100.0 MPH)
Batting: RHB Ijsbert Reynoud 0-0: Ball
1-0: Ball
2-0: Foul Ball, location: 2F
2-1: Foul Ball, location: 2F
2-2: Ball
3-2: Strikes out swinging, 2-3 out at first.
Batting: LHB Maik Zuydam 0-0: Ball
1-0: Called Strike
1-1: Fly out, F3 (Line Drive, 3, EV 66.2 MPH)
Top of the 3rd over - 0 runs, 0 hits, 0 errors, 0 left on base; Toledo 1 - Thunder Bay 0
BOTTOM OF THE 3RD
Thunder Bay Northern Lions BC batting - Pitching for Toledo Stingers : LHP Volmer Aalbers
Batting: RHB Michael Hudson 0-0: Ball
1-0: Called Strike
1-1: Swinging Strike
1-2: Ball
2-2: Strikes out swinging
Batting: LHB Duncan Hutchinson 0-0: Ground out 4-3 (Groundball, 4D, EV 105.6 MPH)
Batting: RHB Rafael Navia 0-0: Ball
1-0: Ball
2-0: Ball
3-0: Called Strike
3-1: Foul Ball, location: 2F
3-2: SINGLE (Line Drive, 56D, EV 97.5 MPH)
Batting: LHB Robert Shannon 0-0: Swinging Strike
0-1: Ball
1-1: Ball
2-1: TRIPLE (Flyball, 78XD, EV 102.5 MPH)
Rafael Navia scores
Batting: LHB Andy Gould 0-0: Called Strike
0-1: Ball
1-1: Called Strike
1-2: Ball
2-2: Ball
3-2: Foul Ball, location: 2F
3-2: Foul Ball, location: 2F
3-2: Strikes out swinging
Bottom of the 3rd over - 1 run, 2 hits, 0 errors, 1 left on base; Toledo 1 - Thunder Bay 1
TOP OF THE 4TH
Toledo Stingers batting - Pitching for Thunder Bay Northern Lions BC : RHP Bob Hollingsworth
Batting: LHB Lester Threlfall 0-0: Ground out 6-3 (Groundball, 6, EV 101.9 MPH)
Batting: RHB Roberto Gómez 0-0: Called Strike
0-1: Foul Ball, location: 2F
0-2: Ball
1-2: Ball
2-2: Ball
3-2: Ground out 4-3 (Groundball, 4, EV 93.8 MPH)
Batting: RHB Ming Wang 0-0: Called Strike
0-1: Ball
1-1: Ball
2-1: Foul Ball, location: 2F
2-2: Ground out 4-3 (Groundball, 4, EV 79.4 MPH)
Top of the 4th over - 0 runs, 0 hits, 0 errors, 0 left on base; Toledo 1 - Thunder Bay 1
BOTTOM OF THE 4TH
Thunder Bay Northern Lions BC batting - Pitching for Toledo Stingers : LHP Volmer Aalbers
Batting: RHB Amaru Kishore 0-0: Ball
1-0: Ball
2-0: Called Strike
2-1: Fly out, F7 (Line Drive, 7D, EV 89.4 MPH)
Batting: LHB Keaton Kringlen 0-0: Swinging Strike
0-1: Ground out 1-3 (Groundball, 13, EV 71.2 MPH)
Batting: RHB Marcantonio Talamante 0-0: Foul Ball, location: 2F
0-1: Ball
1-1: Foul Ball, location: 2F
1-2: Fly out, F8 (Flyball, 8RXD, EV 101.9 MPH)
Bottom of the 4th over - 0 runs, 0 hits, 0 errors, 0 left on base; Toledo 1 - Thunder Bay 1
TOP OF THE 5TH
Toledo Stingers batting - Pitching for Thunder Bay Northern Lions BC : RHP Bob Hollingsworth
Batting: LHB Wyatt Quick 0-0: Fly out, F9 (Line Drive, 9, EV 86.2 MPH)
Batting: RHB Brenden Aaronson 0-0: TRIPLE (Flyball, 9LD, EV 97.5 MPH)
Batting: RHB Xavier Gonzalez 0-0: Ball
1-0: Ball
2-0: Foul Ball, location: 2F
2-1: Swinging Strike
2-2: Ball
3-2: Base on Balls
Batting: RHB Alfred Howard Biggs 0-0: SINGLE (Line Drive, 78S, EV 101.2 MPH)
Brenden Aaronson scores
Xavier Gonzalez to second
Batting: RHB Ijsbert Reynoud 0-0: Ground out 3-1 (Groundball, 13, EV 86.2 MPH)
Xavier Gonzalez to third
Alfred Howard Biggs to second
Batting: LHB Maik Zuydam 0-0: Ball
1-0: SINGLE (Line Drive, 8RS, EV 108.1 MPH)
Xavier Gonzalez scores
Alfred Howard Biggs to third
Runner from 3rd tries for Home, SAFE, throw by RF to home
Batting: LHB Lester Threlfall 0-0: Ball
Maik Zuydam steals 2nd base
1-0: Intentional Walk
Batting: RHB Roberto Gómez 0-0: Swinging Strike
0-1: Foul Ball, location: 2F
0-2: Foul Ball, location: 2F
0-2: Ball
1-2: Ball
2-2: SINGLE (Groundball, 56D, EV 101.2 MPH)
Maik Zuydam to third
Lester Threlfall to second
Runner from 3rd tries for Home, SAFE, throw by LF to home
Batting: RHB Ming Wang 0-0: Foul Ball, location: 2F
0-1: Called Strike
0-2: Fly out, F7 (Flyball, 7, EV 76.2 MPH)
Top of the 5th over - 4 runs, 4 hits, 0 errors, 2 left on base; Toledo 5 - Thunder Bay 1
BOTTOM OF THE 5TH
Thunder Bay Northern Lions BC batting - Pitching for Toledo Stingers : LHP Volmer Aalbers
Batting: RHB Millard Carr 0-0: SINGLE (Groundball, 4MD, EV 94.4 MPH)
Batting: RHB Michael Hudson 0-0: Ball
1-0: Ball
2-0: Ball
3-0: Called Strike
3-1: Base on Balls
Millard Carr to second
Batting: LHB Duncan Hutchinson 0-0: Called Strike
0-1: Called Strike
0-2: Ball
1-2: Foul Ball, location: 2F
1-2: Ball
2-2: Strikes out swinging
Batting: RHB Rafael Navia 0-0: Ball
1-0: Ball
2-0: Swinging Strike
2-1: Ball
3-1: Base on Balls
Millard Carr to third
Michael Hudson to second
Batting: LHB Robert Shannon 0-0: Ball
1-0: SINGLE (Line Drive, 8LS, EV 96.2 MPH)
Millard Carr scores
Michael Hudson to third
Rafael Navia to second
Throwing error, E8
Michael Hudson scores
Rafael Navia to third
Robert Shannon to second
Batting: LHB Andy Gould 0-0: Called Strike
0-1: Ball
1-1: Called Strike
1-2: Foul Ball, location: 2F
1-2: Foul Ball, location: 2F
1-2: Fly out, F8 (Flyball, 8RD, EV 87.5 MPH)
Runner from 3rd tags up, OUT at HOME! 8-2
Bottom of the 5th over - 2 runs, 2 hits, 1 error, 1 left on base; Toledo 5 - Thunder Bay 3
TOP OF THE 6TH
Toledo Stingers batting - Pitching for Thunder Bay Northern Lions BC : RHP Bob Hollingsworth
Batting: LHB Wyatt Quick 0-0: Ball
1-0: Called Strike
1-1: Foul Ball, location: 2F
1-2: Strikes out swinging
Batting: RHB Brenden Aaronson 0-0: Ball
1-0: DOUBLE (Line Drive, 89D, EV 108.1 MPH)
Batting: RHB Xavier Gonzalez 0-0: Fly out, F7 (Flyball, 78S, EV 85.0 MPH)
Batting: RHB Alfred Howard Biggs 0-0: Intentional Walk
Batting: RHB Ijsbert Reynoud 0-0: Fly out, F7 (Flyball, 7, EV 81.9 MPH)
Top of the 6th over - 0 runs, 1 hit, 0 errors, 2 left on base; Toledo 5 - Thunder Bay 3
BOTTOM OF THE 6TH
Thunder Bay Northern Lions BC batting - Pitching for Toledo Stingers : LHP Volmer Aalbers
Batting: RHB Amaru Kishore 0-0: Ball
1-0: Fly out, F6 (Popup, P, EV 90.0 MPH)
Batting: LHB Keaton Kringlen 0-0: Foul Ball, location: 2F
0-1: Foul Ball, location: 2F
0-2: Strikes out swinging
Batting: RHB Marcantonio Talamante 0-0: Foul Ball, location: 2F
0-1: Swinging Strike
0-2: Ball
1-2: Foul Ball, location: 2F
1-2: Strikes out swinging
Bottom of the 6th over - 0 runs, 0 hits, 0 errors, 0 left on base; Toledo 5 - Thunder Bay 3
TOP OF THE 7TH
Toledo Stingers batting - Pitching for Thunder Bay Northern Lions BC : RHP Bob Hollingsworth
Batting: LHB Maik Zuydam 0-0: Ball
1-0: Called Strike
1-1: Called Strike
1-2: Ball
2-2: Foul Ball, location: 2F
2-2: Ground out 4-3 (Groundball, 4S, EV 84.4 MPH)
Batting: LHB Lester Threlfall 0-0: Called Strike
0-1: Ball
1-1: Foul Ball, location: 2F
1-2: Foul Ball, location: 2F
1-2: Ball
2-2: Foul Ball, location: 2F
2-2: Strikes out looking
Pitching: RHP Armando Trujillo
Batting: RHB Roberto Gómez 0-0: Called Strike
0-1: Swinging Strike
0-2: Ball
1-2: Foul Ball, location: 2F
1-2: Foul Ball, location: 2F
1-2: Ball
2-2: Ball
3-2: Strikes out swinging
Top of the 7th over - 0 runs, 0 hits, 0 errors, 0 left on base; Toledo 5 - Thunder Bay 3
BOTTOM OF THE 7TH
Thunder Bay Northern Lions BC batting - Pitching for Toledo Stingers : LHP Volmer Aalbers
Batting: RHB Millard Carr 0-0: Called Strike
0-1: Ground out 6-3 (Groundball, 6, EV 88.8 MPH)
Batting: RHB Michael Hudson 0-0: Ground out 6-3 (Groundball, 56, EV 106.9 MPH)
Batting: LHB Duncan Hutchinson 0-0: Ball
1-0: Foul Ball, location: 2F
1-1: Foul Ball, location: 2F
1-2: Ball
2-2: Ball
3-2: Strikes out looking
Bottom of the 7th over - 0 runs, 0 hits, 0 errors, 0 left on base; Toledo 5 - Thunder Bay 3
TOP OF THE 8TH
Toledo Stingers batting - Pitching for Thunder Bay Northern Lions BC : RHP Armando Trujillo
Batting: RHB Ming Wang 0-0: Foul Ball, location: 2F
0-1: Ball
1-1: Foul Ball, location: 2F
1-2: Ball
2-2: Foul Ball, location: 2F
2-2: Ball
3-2: SINGLE (Groundball, 56, EV 103.8 MPH)
Batting: LHB Wyatt Quick 0-0: Ball
Ming Wang steals 2nd base
1-0: Intentional Walk
Batting: RHB Brenden Aaronson 0-0: Ball
1-0: Called Strike
1-1: Fly out, F8 (Flyball, 8RD, EV 99.4 MPH)
Batting: RHB Xavier Gonzalez 0-0: Ball
1-0: Called Strike
Ming Wang steals 3rd base
1-1: Ball
2-1: Called Strike
Wyatt Quick steals 2nd base
2-2: Ball
3-2: Base on Balls
Batting: RHB Alfred Howard Biggs 0-0: Ball
1-0: Ball
2-0: Swinging Strike
2-1: Fly out, F8 (Line Drive, 8LM, EV 92.5 MPH)
Runner from 3rd tags up, SCORES, throw by CF
Batting: RHB Ijsbert Reynoud 0-0: Ground out U3 (Groundball, 34, EV 109.4 MPH)
Top of the 8th over - 1 run, 1 hit, 0 errors, 2 left on base; Toledo 6 - Thunder Bay 3
BOTTOM OF THE 8TH
Thunder Bay Northern Lions BC batting - Pitching for Toledo Stingers : LHP Volmer Aalbers
Pitching: LHP Balltesar Patalim
Batting: RHB Rafael Navia 0-0: Ball
1-0: Called Strike
1-1: Swinging Strike
1-2: Ball
2-2: Strikes out swinging
Batting: LHB Robert Shannon 0-0: Ball
1-0: Foul Ball, location: 2F
1-1: Called Strike
1-2: Ball
2-2: Foul Ball, location: 2F
2-2: Foul Ball, location: 2F
2-2: Foul Ball, location: 2F
2-2: Foul Ball, location: 2F
2-2: SINGLE (Flyball, 78M, EV 90.6 MPH)
Batting: LHB Andy Gould 0-0: Swinging Strike
0-1: SINGLE (Groundball, 4MD, EV 97.5 MPH)
Robert Shannon to second
Batting: RHB Amaru Kishore 0-0: Called Strike
0-1: Ball
1-1: Ball
2-1: Fly out, F8 (Flyball, 78XD, EV 98.8 MPH)
Runner from 2nd tags up, SAFE at 3rd, no throw by CF
Batting: LHB Keaton Kringlen 0-0: Ball
1-0: Ball
2-0: Called Strike
2-1: Foul Ball, location: 2F
2-2: Ground out 4-3 (Groundball, 34, EV 81.9 MPH)
Bottom of the 8th over - 0 runs, 2 hits, 0 errors, 2 left on base; Toledo 6 - Thunder Bay 3
TOP OF THE 9TH
Toledo Stingers batting - Pitching for Thunder Bay Northern Lions BC : RHP Armando Trujillo
Batting: LHB Maik Zuydam 0-0: Called Strike
0-1: Foul Ball, location: 2F
0-2: Ground out U3 (Groundball, 34S, EV 68.1 MPH)
Batting: LHB Lester Threlfall 0-0: Ball
1-0: Ball
2-0: Called Strike
2-1: Swinging Strike
2-2: Foul Ball, location: 2F
2-2: SINGLE (Flyball, 7S, EV 86.2 MPH)
Batting: RHB Roberto Gómez 0-0: Ball
Lester Threlfall steals 2nd base
1-0: Intentional Walk
Batting: RHB Ming Wang 0-0: Ball
1-0: Called Strike
1-1: Fly out, F7 (Flyball, 7S, EV 85.0 MPH)
Pitching: RHP Javier Gallardo
Batting: LHB Wyatt Quick 0-0: Ball
1-0: Called Strike
1-1: Foul Ball, location: 2F
1-2: Foul Ball, location: 2F
1-2: Ball
2-2: Strikes out swinging
Top of the 9th over - 0 runs, 1 hit, 0 errors, 2 left on base; Toledo 6 - Thunder Bay 3
BOTTOM OF THE 9TH
Thunder Bay Northern Lions BC batting - Pitching for Toledo Stingers : LHP Balltesar Patalim
Pitching: RHP Claude Richardson
Batting: RHB Marcantonio Talamante 0-0: Hit by Pitch
Pinch Hitting: LHB Steve Scott 0-0: Ball
1-0: Foul Ball, location: 2F
1-1: Ball
2-1: Fly out, F7 (Flyball, 7, EV 76.9 MPH)
Batting: RHB Michael Hudson 0-0: Called Strike
0-1: Called Strike
0-2: Strikes out swinging
Batting: LHB Duncan Hutchinson 0-0: DOUBLE (Flyball, 8RXD, EV 107.5 MPH)
Marcantonio Talamante to third
Batting: RHB Rafael Navia 0-0: Ball
1-0: Ball
2-0: Ball
3-0: Called Strike
3-1: Base on Balls
Batting: LHB Robert Shannon 0-0: Called Strike
0-1: Foul Ball, location: 2F
0-2: Foul Ball, location: 2F
0-2: Foul Ball, location: 2F
0-2: Strikes out swinging
Bottom of the 9th over - 0 runs, 1 hit, 0 errors, 3 left on base; Toledo 6 - Thunder Bay 3
Monday, February 20th , 2023 - OOTP Baseball 23.10 Build 110